AoeStats
← Ken

Black Forest

509602537Analyzed
4v4 RM · 4d ago on Sep 27, 2026· 48m 46s· 8 players
Game mode
Random Map
Map size
Large (8 player)
Population
200
Speed
Normal
Resources
Standard
Victory
Conquest
Starting age
Dark Age
Ending age
Imperial Age
RankedLock teamsTeams togetherTeam positionsShared explorationLock speedFull tech treeHidden civsTurbo modeCheats
Victory
Defeat
🇮🇳 Lithuanians · India
1018
+12
🇨🇳 Burmese · China
1000
+13
🇮🇳 Khmer · India
992
+13
🇮🇳 Teutons · India
948
+16
986
-15
🇹🇷 Huns · Türkiye
949
-14
🇺🇸 Japanese · United States
914
-13
🇹🇼 Jurchens · Taiwan
898
-12
squeezecheese21
0:37 Loom
12:22 Feudal Age
12:57 Town Watch
12:55 Horse Collar
13:01 Double-Bit Axe
13:54 Wheelbarrow
14:07 Fishing Lines
17:37 Stone Mining
17:37 Gold Mining
18:03 Forging
17:58 Scale Barding Armor
25:10 Castle Age
25:58 Gillnets
27:46 Gold Shaft Mining
27:35 Heavy Plow
28:50 Iron Casting
28:36 Chain Barding Armor
29:09 Hand Cart
29:06 Bow Saw
33:09 Imperial Age
31:24 Fletching
33:36 Squires
32:58 Man-at-Arms
33:41 Scale Mail Armor
33:48 Marauders
35:17 Two-Man Saw
35:27 Blast Furnace
34:03 Cavalier
34:54 Bloodlines
34:44 Husbandry
35:25 Plate Barding Armor
35:07 Chain Mail Armor
34:29 Long Swordsman
34:43 Pikeman
35:31 Paladin
35:41 Two-Handed Swordsman
35:46 Halberdier
37:35 Devotion
37:59 Atheism
38:03 Conscription
38:04 Atheism
帥哥乃
0:29 Loom
11:43 Feudal Age
12:54 Town Watch
12:56 Double-Bit Axe
13:19 Gold Mining
14:42 Stone Mining
19:54 Castle Age
19:25 Horse Collar
25:45 Bow Saw
25:40 Heavy Plow
27:59 Wheelbarrow
27:07 Treadmill Crane
27:44 Fortified Wall
28:18 Ballistics
28:13 Masonry
29:14 Gold Shaft Mining
29:48 Stone Shaft Mining
30:07 Caravan
30:02 Fletching
30:02 Elite Skirmisher
30:49 Husbandry
33:06 Bodkin Arrow
33:29 Forging
33:25 Scale Barding Armor
35:22 Iron Casting
34:47 Murder Holes
36:16 Hand Cart
36:04 Town Patrol
37:59 Chain Barding Armor
37:43 Fortified Bastions
39:22 Scale Mail Armor
开局投降是歹人
0:30 Loom
12:15 Feudal Age
12:47 Double-Bit Axe
22:12 Castle Age
20:33 Horse Collar
22:15 Fletching
22:38 Scale Barding Armor
22:34 Gold Mining
22:35 Stone Mining
23:03 Forging
23:54 Bloodlines
33:41 Imperial Age
32:13 Bow Saw
32:22 Husbandry
32:04 Elite Skirmisher
32:35 Light Cavalry
35:37 Chemistry
37:52 Chain Barding Armor
38:07 Iron Casting
40:01 Heavy Camel Rider
CreepiestSnow32
12:48 Feudal Age
13:42 Horse Collar
16:55 Double-Bit Axe
18:40 Wheelbarrow
23:48 Castle Age
27:41 Hand Cart
28:45 Fletching
29:08 Forging
28:21 Man-at-Arms
28:22 Pikeman
29:07 Squires
28:53 Gambesons
29:26 Thumb Ring
28:44 Crossbowman
31:09 Bow Saw
33:09 Long Swordsman
33:49 Bodkin Arrow
33:55 Padded Archer Armor
34:32 Iron Casting
34:03 Scale Barding Armor
34:02 Scale Mail Armor
39:55 Imperial Age
37:44 Yasama
40:52 Halberdier
40:55 Two-Handed Swordsman
40:59 Arbalester
squidkid
5:11 Loom
11:45 Feudal Age
16:27 Castle Age
14:56 Double-Bit Axe
14:54 Horse Collar
19:10 Wheelbarrow
24:15 Town Watch
24:48 Hand Cart
30:22 Imperial Age
29:14 Town Patrol
29:38 Fortified Wall
30:37 Elite Teutonic Knight
37:10 Forging
37:01 Scale Mail Armor
39:03 Iron Casting
syedatun
0:25 Loom
12:18 Feudal Age
16:52 Castle Age
14:59 Double-Bit Axe
18:43 Bow Saw
23:31 Wheelbarrow
22:46 Fishing Lines
28:02 Bloodlines
28:13 Forging
27:54 Fletching
28:10 Scale Barding Armor
28:06 Padded Archer Armor
29:42 Iron Casting
29:05 Light Cavalry
29:46 Husbandry
29:43 Town Watch
30:22 Hand Cart
30:23 Caravan
30:54 Town Patrol
33:53 Imperial Age
32:17 Town Patrol
33:33 Chain Barding Armor
33:10 Bodkin Arrow
34:17 Hussar
38:04 Plate Barding Armor
39:00 Conscription
38:43 Double Crossbow
39:27 Elite Ballista Elephant
SgtNinja
0:38 Loom
11:45 Feudal Age
18:12 Castle Age
25:33 Fishing Lines
25:49 Horse Collar
30:42 Imperial Age
29:45 Heavy Plow
30:06 Bloodlines
29:56 Husbandry
30:26 Scale Barding Armor
30:32 Forging
31:18 Double-Bit Axe
33:14 Chain Barding Armor
33:29 Iron Casting
35:04 Conscription
35:49 Wheelbarrow
35:00 Town Watch
36:10 Elite Leitis
40:01 Plate Barding Armor
45:19 Hand Cart
Ken
11:24 Feudal Age
16:18 Castle Age
14:54 Horse Collar
17:15 Heavy Plow
17:23 Stone Mining
18:52 Loom
22:31 Wheelbarrow
26:31 Hand Cart
29:43 Imperial Age
28:31 Scale Barding Armor
28:36 Forging
28:17 Fletching
28:28 Padded Archer Armor
28:25 Gold Mining
30:56 Conscription
30:37 Howdah
30:37 Manipur Cavalry
31:00 Chain Barding Armor
33:56 Plate Barding Armor
33:57 Iron Casting
34:09 Gold Shaft Mining
33:31 Bodkin Arrow
33:36 Scale Mail Armor
32:58 Elite Arambai
34:51 Squires
34:37 Treadmill Crane
34:53 Murder Holes
36:13 Chemistry
36:47 Bracer
37:47 Blast Furnace
37:40 Chain Mail Armor
36:47 Pikeman
37:13 Arson
39:29 Halberdier
40:39 Ballistics
40:53 Plate Mail Armor
45:19 Masonry
Connection lost

Rejoining the realm…

Still unreachable

The connection could not be restored.

Session expired

The server has moved on; the page needs a fresh start.